 Dungeon Crawl Stone Soup version 0.27-a0-1006-g1fd4cec11e (webtiles) character file.

Game seed: 2035572747951729259

77 siradein the Cutter (level 4, -1/33 HPs)
             Began as a Demonspawn Brigand on Apr 18, 2021.
             Slain by an iguana (8 damage)
             ... on level 4 of the Dungeon.
             The game lasted 00:02:23 (1718 turns).

siradein the Cutter (Demonspawn Brigand)            Turns: 1718, Time: 00:02:23

Health: -1/33      AC:  9    Str: 11    XL:     4   Next: 14%
Magic:  4/4        EV: 10    Int: 13    God:
Gold:   78         SH:  0    Dex: 15    Spells: 3/3 levels left

rFire    . . .     SeeInvis .   a - +2 dagger
rCold    + . .     Faith    .   (no shield)
rNeg     . . .     Spirit   .   b - +1 ring mail {rC+}
rPois    +         Reflect  .   j - +0 helmet
rElec    .         Harm     .   c - +0 cloak
rCorr    .         Rampage  .   (no gloves)
Will     .....                  (no boots)
Stlth    ++........             (no amulet)
HPRegen  0.11/turn              f - ring of poison resistance
MPRegen  0.09/turn              (no ring)

@: no status effects
A: claws 1, rugged brown scales 1, powered by death 1
a: no special abilities


You were on level 4 of the Dungeon.
You visited 1 branch of the dungeon, and saw 3 of its levels.

You collected 78 gold pieces.

Inventory:

Hand Weapons
 a - a +2 dagger (weapon)
Missiles
 d - 8 poisoned darts (quivered)
 e - 2 curare-tipped darts
Armour
 b - a +1 ring mail of cold resistance (worn)
 c - a +0 cloak (worn)
 j - a +0 helmet (worn)
Jewellery
 f - a ring of poison resistance (left claw)
Scrolls
 h - a scroll of identify {unknown}
 i - a scroll of enchant armour {unknown}
Potions
 g - a potion of curing {unknown}


   Skills:
 - Level 2.0 Fighting
 + Level 4.1 Short Blades
 - Level 1.7 Throwing
 - Level 0.8 Dodging
 - Level 3.6 Stealth


You had 3 spell levels left.
You didn't know any spells.
Your spell library was empty.

Dungeon Overview and Level Annotations

Branches:
Dungeon (2/15)

Altars:

Annotations:
D:4 Duvessa


Innate Abilities, Weirdness & Mutations

You have sharp fingernails.
You are partially covered in rugged brown scales. (AC +1, +3% HP)
You regenerate a little health from kills.


Message History

You hit the jackal.
You kill the jackal!
No target in view!
An iguana comes into view.
The iguana hisses angrily.
You see here a +0 helmet.
You start putting on your armour.
You continue putting on your +0 helmet. x2
The iguana bites you but does no damage.
Keep equipping yourself?
You continue putting on your +0 helmet.
The iguana bites you.
You continue putting on your +0 helmet.
The iguana bites you but does no damage.
You finish putting on your +0 helmet.
You completely miss the iguana. The iguana barely misses you.
You hit the iguana.
The iguana is moderately wounded.
The iguana closely misses you.
You hit the iguana.
The iguana is moderately wounded.
The iguana bites you!
You closely miss the iguana.
The iguana is moderately wounded.
You hit the iguana but do no damage.
The iguana is moderately wounded.
The iguana bites you.
You hit the iguana.
The iguana is heavily wounded.
The iguana bites you!
* * * LOW HITPOINT WARNING * * *
The iguana bites you but does no damage.
You see here 13 gold pieces.
The iguana hisses menacingly.
The iguana closely misses you.
Found 7 gold pieces and a scroll labelled ARHOHOIFOE.
Found a shiny plate armour.
Duvessa, Sister of Dowan comes into view.
She is wielding a +0 short sword and carrying a wand of flame (8).
Duvessa shouts!
The iguana bites you!
You die...

#..........#
#..........#
#..........####
#........$....#
#...[.........#
#..#...........#
.?.....$........#
P.P♣.P.......l..#
..♣P♣......[@...#
♣♣♣PP##...#..##
♣.P...####.#
♣...## .# P... .e
.# ... .... .....


You could see Duvessa and an iguana.

Vanquished Creatures
  2 adders (D:2)
  3 gnolls (D:1)
  A dart slug (D:1)
  A ball python (D:1)
  4 goblins
  3 hobgoblins (D:1)
  8 jackals
  4 bats (D:1)
  A frilled lizard (D:1)
27 creatures vanquished.

Notes
Turn   | Place    | Note
-------+----------+-------------------------------------------
     0 | D:1      | siradein the Demonspawn Brigand began the quest for the
                  | Orb.
     0 | D:1      | Reached XP level 1. HP: 16/16 MP: 1/1
   133 | D:1      | Reached skill level 2 in Short Blades
   375 | D:1      | Gained mutation: You regenerate a little health from kills.
                  | [demonic ancestry]
   375 | D:1      | Reached XP level 2. HP: 21/22 MP: 2/2
   611 | D:1      | Reached skill level 3 in Short Blades
   788 | D:1      | Found a faded altar of an unknown god.
   964 | D:2      | Gained mutation: You have sharp fingernails. [demonic
                  | ancestry]
   964 | D:2      | Reached XP level 3. HP: 20/27 MP: 3/3
  1533 | D:2      | Reached skill level 4 in Short Blades
  1533 | D:2      | Gained mutation: You are partially covered in rugged brown
                  | scales. (AC +1, +3% HP) [demonic ancestry]
  1533 | D:2      | Reached XP level 4. HP: 22/33 MP: 4/4
  1667 | D:2      | You fall into a shaft and drop 2 floors!
  1716 | D:4      | Noticed Duvessa
  1718 | D:4      | Slain by an iguana

Illustrated notes

Levels and vault maps discovered:
D:1:      dpeg_arrival_water_fire, layout_basic,
          hellmonk_ecumenical_altar_run_dry, grunt_decor_resistance,
          minmay_pentomino_x2
D:2:      layout_basic, basic_altar
D:4:      layout_rooms, lemuel_doored_altar, serial_forest,
          infiniplex_forest_lined_3, infiniplex_forest_lined_room_2,
          infiniplex_forest_clump_large, infiniplex_forest_lined_room_3,
          infiniplex_forest_clump_medium, uniq_grinder, uniq_pikel, uniq_duvessa

Skill      XL: |  1  2  3 |
---------------+----------+-----
Short Blades   | 2 3 4 |  4.1
Fighting       | |  2.0
Throwing       | |  1.7
Dodging        | |  0.8
Stealth        | |  3.6

Action                   |  1- 3 |  4- 6 || total
-------------------------+-------+-------++-------
Melee: Dagger            |   101 |    17 ||   118
 Stab: Sleeping          |     5 |       ||     5
Armor: Ring mail         |    45 |     8 ||    53
       Robe              |     1 |       ||     1
Dodge: Dodged            |    57 |    11 ||    68

Table legend: (Time is in decaauts)
 A = Elapsed time spent in this place.
 B = Non-inter-level travel time spent in this place.
 C = Inter-level travel time spent in this place.
 D = Time resting spent in this place.
 E = Time spent auto-exploring this place.
 F = Levels seen in this place.
 G = Mean time per level.
                   A        B        C        D        E       F      G
               +--------+--------+--------+--------+--------+-----+--------+
         Total |   1701 |   1666 |     35 |    386 |    944 |   3 |  567.0 |
       Dungeon |   1701 |   1666 |     35 |    386 |    944 |   3 |  567.0 |
               +--------+--------+--------+--------+--------+-----+--------+

Top non-repeatable levels by time:
     D:1: 1389 daAuts
     D:2: 265 daAuts
     D:4: 47 daAuts
